 Dungeon Crawl Stone Soup version 0.29-a0-275-g389c0b56f3 (webtiles) character file.

Game seed: 2605988810402330766

6008 sokol815 the Covert (level 10, -4/60 HPs)
             Began as an Octopode Brigand on Mar 10, 2022.
             Was an Initiate of Gozag.
             Slain by a manticore (6 damage)
             ... on level 8 of the Dungeon.
             The game lasted 00:46:11 (11887 turns).

sokol815 the Covert (Octopode Brigand)             Turns: 11887, Time: 00:46:11

Health: -4/60      AC:  3    Str: 11    XL:     10   Next: 85%
Magic:  3/11       EV: 13    Int: 24    God:    Gozag
Gold:   113        SH:  0    Dex: 20    Spells: 5/10 levels left

rFire   . . .      SeeInvis +   a - +4 dagger "Taups" {speed, Will+ Dex+7 Stlth+}
rCold   . . .      Faith    .   (no shield)
rNeg    . . .      Spirit   .   g - +2 hat
rPois   .          Reflect  .   o - amulet of magic regeneration
rElec   .          Harm     .   V - ring of see invisible {sInv, !d}
rCorr   .          Rampage  .   C - +6 ring of intelligence
Will    +....                   (no ring)
Stlth   ++++++++..              (no ring)
HPRegen 0.20/turn               (no ring)
MPRegen 0.52/turn               (no ring)
                                (no ring)
                                (no ring)

@: gold aura, invisible
A: almost no armour, amphibious, 8 rings, camouflage 1, gelatinous body 1,
(nimble swimmer 1), tentacles
a: Renounce Religion, Potion Petition, Call Merchant, Bribe Branch


You were on level 8 of the Dungeon.
You worshipped Gozag.
Gozag was aware of your devotion.
You visited 2 branches of the dungeon, and saw 9 of its levels.
You also visited: Sewer and Ossuary.

You collected 1686 gold pieces.
You spent 1066 gold pieces at shops.
You paid 507 gold pieces to Gozag.

Inventory:

Hand Weapons
 a - the +4 dagger "Taups" (weapon) {speed, Will+ Dex+7 Stlth+}
   (You bought it in a shop on level 7 of the Dungeon)

   Attacks with this weapon are significantly faster.
   Dex:       It affects your dexterity (+7).
   Will:      It increases your willpower.
   Stlth:     It makes you more stealthy.
 i - a +3 spear of venom
   (You took it off a gnoll sergeant on level 7 of the Dungeon)
 m - the +6 hand crossbow of Guneifof {vorpal, rPois}
   (You bought it in a shop on level 7 of the Dungeon)

   Any ammunition fired from it inflicts extra damage upon your enemies.
   rPois:     It protects you from poison.
 n - a +1 dagger of protection
   (You took it off a goblin on level 2 of the Dungeon)
 q - the +6 hand crossbow "Jocyt" {flame, rElec}
   (You bought it in a shop on level 7 of the Dungeon)

   Any ammunition fired from it burns those it strikes, dealing additional fire
   damage.
   rElec:     It insulates you from electricity.
 v - a +2 mace of holy wrath
   (You found it on level 4 of the Dungeon)
 x - the +9 spear of Tarch {speed, rF+++ MP-9 Int-3 Dex+8}
   (You bought it in a shop on level 7 of the Dungeon)

   Attacks with this weapon are significantly faster.
   Int:       It affects your intelligence (-3).
   Dex:       It affects your dexterity (+8).
   rF:        It renders you almost immune to fire.
   MP:        It affects your magic capacity (-9).
 E - a +0 hunting sling
   (You took it off a goblin on level 2 of the Dungeon)
 K - a +4 dagger of electrocution
Missiles
 b - 31 poisoned darts
 c - 2 curare-tipped darts
 d - 2 boomerangs of dispersal {=f}
 r - 3 boomerangs
 s - 246 stones
 w - 2 atropa-tipped darts
 F - a throwing net {!d}
Armour
 g - a +2 hat (worn)
   (You found it on level 2 of the Dungeon)
 l - a +2 kite shield
   (You took it off a gnoll sergeant on level 7 of the Dungeon)
Magical Staves
 u - a staff of air {rElec}
   (You found it on level 4 of the Dungeon)
Jewellery
 o - an amulet of magic regeneration (around mantle)
   (You found it on level 7 of the Dungeon)
 A - an amulet of the acrobat
   (You bought it in a shop on level 6 of the Dungeon)
 C - a +6 ring of intelligence (right tentacle)
   (You found it on level 7 of the Dungeon)
 V - a ring of see invisible (left tentacle) {sInv, !d}
   (You found it on level 3 of the Dungeon)
Wands
 e - a wand of charming (9)
   (You found it on level 7 of the Dungeon)
 j - a wand of polymorph (8)
   (You found it on level 8 of the Dungeon)
 p - a wand of paralysis (8)
   (You found it on level 7 of the Dungeon)
Scrolls
 h - a scroll of brand weapon
 D - 3 scrolls of blinking {!r}
 S - a scroll of summoning
 X - 2 scrolls of magic mapping {@r4!r}
 Y - 4 scrolls of teleportation {@r3}
Potions
 f - a potion of magic {unknown}
 k - 3 potions of cancellation
 t - a potion of mutation {unknown}
 z - a potion of attraction {!q}
 B - a potion of brilliance
 G - 4 potions of ambrosia {!q}
 H - a potion of haste
 I - 3 potions of invisibility
 J - 8 potions of curing {@q1}
 L - 4 potions of flight
 M - 4 potions of might
 N - 3 potions of heal wounds {@q2}
 R - 7 potions of resistance


   Skills:
 - Level 2.0 Fighting
 + Level 6.7 Short Blades
 - Level 2.0 Throwing
 - Level 1.0 Dodging
 - Level 13.1 Stealth
 * Level 0.7 Spellcasting
 + Level 9.8 Conjurations
 + Level 9.7 Fire Magic


You had 5 spell levels left.
You knew the following spells:

 Your Spells              Type           Power      Damage    Failure   Level
f - Fireball              Conj/Fire      23%        3d11      7%          5

Your spell library contained the following spells:

 Spells                   Type           Power      Damage    Failure   Level
 Conjure Flame            Conj/Fire      47%        6-21      1%          3
 Sticky Flame             Conj/Fire      47%        2d6       2%          4
 Ignite Poison            Fire/Tmut/Pois 16%        N/A       11%         3
 Call Canine Familiar     Summ           0%         N/A       38%         3
 Gell's Gravitas          Tloc           0%         N/A       38%         3
 Ozocubu's Armour         Ice            0%         N/A       38%         3
 Portal Projectile        Hex/Tloc       0%         N/A       38%         3
 Teleport Other           Tloc           0%         N/A       38%         3
 Leda's Liquefaction      Hex/Erth       0%         N/A       80%         4
 Starburst                Conj/Fire      23%        6d8       36%         6
 Dispersal                Tloc           0%         N/A       100%        6
 Ozocubu's Refrigeration  Ice            0%         4d5       100%        7
 Ignition                 Fire           23%        3d8       100%        8


Dungeon Overview and Level Annotations

Branches:
Dungeon (8/15)             Temple (1/1) D:5           Sewer (visited)
Ossuary (visited)
   Lair: D:8-11

Altars:
Ashenzari
Cheibriados
Dithmenos
Elyvilon
Fedhas
Gozag
Hepliaklqana
Kikubaaqudgha
Makhleb
Nemelex Xobeh
Okawaru
Qazlal
Ru
Sif Muna
Trog
Uskayaw
Vehumet
Wu Jian
Xom
Yredelemnul
Zin
The Shining One

Shops:
D:6 ??**   D:7 (

Annotations:
D:3 Sigmund
D:6 3 runed translucent doors, seaofthunder's ghost, novice HOFi
D:8 exclusions: 2 bullfrogs, killer bee, manticore, orc priest, orc warrior and two-headed ogre, Maggie; Maurice


Innate Abilities, Weirdness & Mutations

You cannot wear most types of armour.
You are amphibious.
You can wear up to eight rings at the same time.
Your skin changes colour to match your surroundings (Stealth+).
Your rubbery body absorbs attacks. (AC +1, EV +1)
((You are camouflaged when in or above water. (Stealth+)))
You have tentacles for arms and can constrict up to eight enemies at once.


Message History

There is an open door here.
There is an open door here.
There is an open door here.
There is a stone staircase leading up here.
You climb upwards.
There is a stone staircase leading down here.
You start resting.
Your extra speed is starting to run out.
You regained 3 hp, and now have 29/60 hp.
You start resting.
You feel yourself slow down.
You start resting.
Health restored: 60 You climb downwards.
Level annotation: exclusions: 2 bullfrogs, killer bee, manticore, orc priest, orc warrior and two-headed ogre, Maggie; Maurice
There is a stone staircase leading up here.
There is an open door here.
Things that are here:
a +0 ring mail; a +0 short sword Search for what [Enter for "rN+", or ? for help]? rF+ Can't find anything matching that.
Search for what [Enter for "rF+", or ? for help]? artif
There is an open door here.
There is a stone staircase leading up here.
You climb upwards.
There is a stone staircase leading down here.
There is an open door here.
There is an entrance to Ycikaheib's Antique Weapon Shop here.
Things that are here:
a +0 vorpal trident; a +2 vorpal halberd; a +0 dagger of draining
m - the +6 hand crossbow of Guneifof {vorpal, rPois} You no longer have enough gold to petition Gozag for potion effects.
q - the +6 hand crossbow "Jocyt" {flame, rElec} Thank you for shopping at Ycikaheib's Antique Weapon Shop!
x - the +9 spear of Tarch {speed, rF+++ MP-9 Int-3 Dex+8} Thank you for shopping at Ycikaheib's Antique Weapon Shop!
You feel stupid.
You feel agile.
Your tentacles tingle!
x - the +9 spear of Tarch (weapon)
{speed, rF+++ MP-9 Int-3 Dex+8} You now have 1/1 mp.
(D) Dungeon (T) Temple
Where to? (Enter - D:7 @ (x,y), ? - help)
There is an open door here.
There is a stone staircase leading down here.
You climb downwards.
Level annotation: exclusions: 2 bullfrogs, killer bee, manticore, orc priest, orc warrior and two-headed ogre, Maggie; Maurice
There is a stone staircase leading up here.
There is an open door here.
There is an open door here.
An orc comes into view. It is wielding a +0 flail.
There is an open door here.
You reach to attack!
The orc shouts!
You hit the orc.
You reach to attack!
You puncture the orc!
You kill the orc!
You now have 113 gold pieces (gained 4).
Things that are here:
a +0 flail; a +0 scale mail What are your orders? t - Shout!
Orders for allies: a - Attack new target. r - Retreat! s - Stop attacking. g - Guard the area. f - Follow me.
Anything else - Cancel.
You shout for attention!
You hear a loud, deep croak!
You hear two shouts!
The bullfrog hits you.
You take 5 damage, and have 55/60 hp.
You hit the bullfrog. You grab the bullfrog. You constrict the bullfrog.
The bullfrog hits you.
You take 6 damage, and have 49/60 hp.
You puncture the bullfrog! You squeeze the bullfrog.
You kill the bullfrog!
No target in view!
No target in view!
You start resting.
A manticore is nearby!
MP restored: 2 You fade into invisibility!
Here: a manticore (can't see you) Some shallow water.
You feel agile.
Your tentacles tingle!
a - the +4 dagger "Taups" (weapon)
{speed, Will+ Dex+7 Stlth+} You catch the helpless manticore completely off-guard!
You impale the manticore!! You hit the manticore. The manticore bites you!!
The manticore claws you. The manticore misses you.
You see here 6 gold pieces.
You take 28 damage, and have 23/60 hp.
MASSIVE DAMAGE!!
You hit the manticore but do no damage. You squeeze the manticore.
You hit the manticore. The manticore bites you!
* * * LOW HITPOINT WARNING * * *
The manticore claws you!
* * * LOW HITPOINT WARNING * * *
The manticore claws you.
You die...
Your body crumbles into a pile of gold.

..#.♣♣ ♣....§......♣ ♣.♣ #..
..#♣.♣♣ ♣♣♣♣♣♣.♣♣♣♣♣♣ ♣.♣ #..
..#♣♣.♣ ♣.♣ ♣.♣ #.. ))#######
######.###### #######..
........#♣♣....♣.♣....♣♣#........
.#......#♣.≈≈≈≈≈≈≈≈≈≈≈.♣#........
.#...####.≈≈≈≈)≈≈≈≈≈≈≈≈.#........
.#...####♣.≈≈≈≈≈≈H≈≈≈≈.♣##.....##
.'...#..#♣♣....♣@♣....♣♣##.....#.
.#...#..########.########'.....#.
.#...#...................#.....#.
.#...#........).#...###........#.
.#...#######...##...##.....#'###.
.#...#.....#'####....#.....#.....
.#..)'.....#...##....'.....#.....
.#...#.)...#....'....#.....#.....
.#..<#.[[..'...##...##.....######


You could see a manticore (can't see you).

Vanquished Creatures
  Prince Ribbit (D:7)
  Menkaure (D:7)
  6 water moccasins
  2 ice beasts
  2 orc warriors (D:8)
  A black bear (D:6)
  4 ogres
  A centaur (D:8)
  2 phantoms
  3 elf zombies (Ossuary)
  4 kobold brigands
  3 bullfrogs
  3 gnoll sergeants
  3 necrophages
  A scorpion (D:4)
  4 killer bees (D:7)
  A howler monkey (D:8)
  A centaur zombie (Ossuary)
  2 hounds
  4 jellies
  5 orc priests
  5 iguanas
  An orc wizard (D:7)
  Natasha (D:3)
  Ijyb (D:4)
  2 mummies (Ossuary)
  Robin (D:2)
  15 gnolls
  6 adders
  A white imp (D:6)
  An ufetubus (D:5)
  An adder zombie (Ossuary)
  A worm (D:2)
  2 dart slugs (D:4)
  9 orcs
  7 bats
  8 endoplasms
  8 giant cockroaches
  12 goblins
  10 hobgoblins
  4 jackals (D:3)
  19 kobolds
  7 quokkas
  10 ball pythons
  4 frilled lizards
  A goblin zombie (Ossuary)
  10 hobgoblin zombies (Ossuary)
  2 jackal zombies (Ossuary)
  6 kobold zombies (Ossuary)
  8 orc zombies (Ossuary)
  4 rats
  4 rat zombies (Ossuary)
225 creatures vanquished.

Vanquished Creatures (collateral kills)
  A gnoll (D:8)
1 creature vanquished.

Vanquished Creatures (others)
  3 gnolls
  49 plants
52 creatures vanquished.

Grand Total: 278 creatures vanquished

Notes
Turn   | Place    | Note
-------+----------+-------------------------------------------
     0 | D:1      | sokol815 the Octopode Brigand began the quest for the Orb.
     0 | D:1      | Reached XP level 1. HP: 14/14 MP: 1/1
   170 | D:1      | Reached XP level 2. HP: 19/19 MP: 2/2
   173 | D:1      | Found a faded altar of an unknown god.
   337 | D:1      | Reached skill level 6 in Stealth
   730 | D:1      | Reached XP level 3. HP: 24/24 MP: 3/3
  1127 | D:2      | You fall into a shaft and drop 1 floor!
  1187 | D:3      | Noticed a phantom
  1214 | D:3      | Noticed a water moccasin
  1276 | D:3      | Noticed Sigmund
  1334 | D:3      | Found a glowing drain.
  1386 | Sewer    | Entered a sewer
  1532 | Sewer    | Reached XP level 4. HP: 29/29 MP: 4/4
  1537 | Sewer    | Reached skill level 7 in Stealth
  1614 | Sewer    | Noticed a kobold brigand
  1614 | Sewer    | Noticed a kobold brigand
  1627 | Sewer    | Killed a kobold brigand
  1628 | Sewer    | Reached skill level 3 in Short Blades
  1628 | Sewer    | Reached XP level 5. HP: 17/34 MP: 5/5
  1642 | Sewer    | Killed a kobold brigand
  1643 | Sewer    | Reached skill level 8 in Stealth
  1890 | Sewer    | Noticed a kobold brigand
  1892 | Sewer    | Killed a kobold brigand
  1893 | Sewer    | Reached XP level 6. HP: 39/39 MP: 6/6
  2023 | D:3      | Reached skill level 9 in Stealth
  2253 | D:3      | HP: 9/39 [gnoll/+0 flail (8)]
  2254 | D:3      | HP: 2/39 [gnoll/+0 flail (7)]
  2284 | D:3      | Reached skill level 4 in Short Blades
  2870 | D:2      | Noticed Robin
  2874 | D:2      | Killed Robin
  3064 | D:2      | Learned a level 5 spell: Fireball
  3498 | D:3      | Noticed Natasha
  3506 | D:3      | Killed Natasha
  3568 | D:4      | Found a sand-covered staircase.
  3587 | D:4      | Noticed Ijyb
  3619 | D:4      | Killed Ijyb
  3620 | D:4      | Reached XP level 7. HP: 45/45 MP: 7/7
  3649 | D:4      | HP: 4/45 [ogre/+0 giant club (19)]
  3652 | D:4      | Reached skill level 1 in Conjurations
  3652 | D:4      | Reached skill level 1 in Fire Magic
  3876 | Ossuary  | Entered an ossuary
  4206 | Ossuary  | Reached skill level 10 in Stealth
  4248 | Ossuary  | Reached skill level 2 in Conjurations
  4256 | Ossuary  | Reached skill level 2 in Fire Magic
  4455 | D:4      | Reached XP level 8. HP: 50/50 MP: 8/8
  4780 | D:4      | Reached skill level 5 in Short Blades
  5019 | D:4      | Reached skill level 11 in Stealth
  5393 | D:5      | Entered Level 5 of the Dungeon
  5524 | D:5      | Found a staircase to the Ecumenical Temple.
  5532 | Temple   | Entered the Ecumenical Temple
  5585 | Temple   | Became a worshipper of Gozag Ym Sagoz the Greedy
  5762 | D:5      | Reached skill level 3 in Conjurations
  5762 | D:5      | Reached skill level 3 in Fire Magic
  5986 | D:5      | Found a sacrificial altar of Ru.
  6987 | D:6      | Found Tanim's Assorted Antiques.
  6987 | D:6      | Found Cagynn's Assorted Antiques.
  7019 | D:6      | Bought a glowing silver amulet for 110 gold pieces
  7019 | D:6      | Bought a bubbling puce potion for 19 gold pieces
  7019 | D:6      | Bought a murky silvery potion for 19 gold pieces
  7019 | D:6      | Bought a scroll of identify for 44 gold pieces
  7028 | D:6      | Bought a scroll of identify for 48 gold pieces
  7165 | D:6      | Reached skill level 12 in Stealth
  7228 | D:6      | Found Eloasys's Magic Scroll Shoppe.
  7237 | D:6      | Bought a scroll of identify for 28 gold pieces
  7237 | D:6      | Bought a scroll of identify for 28 gold pieces
  7591 | D:6      | Reached XP level 9. HP: 54/54 MP: 9/9
  7599 | D:6      | Found a runed translucent gate.
  7599 | D:6      | Found a runed translucent gate.
  7599 | D:6      | Found a runed translucent gate.
  7606 | D:6      | Noticed seaofthunder's ghost (novice HOFi)
  7626 | D:6      | Found Otedeev's Magic Scroll Shoppe.
  7641 | D:6      | Bought 3 scrolls of identify for 66 gold pieces
  7645 | D:6      | Reached skill level 9 in Conjurations
  7645 | D:6      | Reached skill level 9 in Fire Magic
  7645 | D:6      | Reached XP level 10. HP: 60/60 MP: 10/10
  7705 | D:7      | Reached skill level 6 in Short Blades
  8033 | D:7      | HP: 15/60 [poisoned by a killer bee]
  8522 | D:7      | HP: 15/60 [poisoned by a water moccasin]
  8790 | D:7      | Reached skill level 13 in Stealth
  8837 | D:7      | Noticed Menkaure
  9167 | D:7      | Noticed Prince Ribbit
  9183 | D:7      | Killed Prince Ribbit
  9616 | D:7      | Killed Menkaure
 10140 | D:8      | HP: 11/60 [acid (7)]
 10447 | D:8      | Identified a scroll of acquirement
 10447 | D:8      | Acquired 843 gold pieces
 10710 | D:8      | Noticed a manticore
 10727 | D:8      | Noticed Maggie
 10907 | D:8      | Noticed a two-headed ogre
 10922 | D:8      | Noticed Maurice
 11045 | D:7      | Bought a crude dagger for 154 gold pieces
 11045 | D:7      | Identified the +4 dagger "Taups" {speed, Will+ Dex+7
                  | Stlth+} (You bought it in a shop on level 7 of the Dungeon)
 11591 | D:8      | Noticed a two-headed ogre
 11826 | D:7      | Bought a fine hand crossbow for 187 gold pieces
 11826 | D:7      | Identified the +6 hand crossbow of Guneifof {vorpal, rPois}
                  | (You bought it in a shop on level 7 of the Dungeon)
 11826 | D:7      | Bought an encrusted hand crossbow for 187 gold pieces
 11826 | D:7      | Identified the +6 hand crossbow "Jocyt" {flame, rElec} (You
                  | bought it in a shop on level 7 of the Dungeon)
 11826 | D:7      | Bought a shimmering spear for 176 gold pieces
 11826 | D:7      | Identified the +9 spear of Tarch {speed, rF+++ MP-9 Int-3
                  | Dex+8} (You bought it in a shop on level 7 of the Dungeon)
 11887 | D:8      | HP: 10/60 [manticore (13)]
 11887 | D:8      | HP: 2/60 [manticore (8)]
 11887 | D:8      | Slain by a manticore

Illustrated notes

Levels and vault maps discovered:
D:1:      dpeg_arrival_rooms_with_view, layout_basic,
          ebering_ecumenical_altar_ruins
D:2:      cheibrodos_helix_gallery, layout_rooms, kennysheep_boxes, uniq_robin
D:3:      layout_loops_ring, gup_sewer_entry_pipe, uniq_sigmund, uniq_natasha
D:4:      layout_basic, nicolae_ossuary_entry_monument, uniq_ijyb
D:5:      layout_rooms, mainiacjoe_overflow_24_doors, minmay_temple_entry_mist
D:6:      nicolae_cairo_tiling, layout_rooms, serial_shops, shop, shop, shop,
          shop, gammafunk_ghost_necromancy
D:7:      layout_basic, uniq_menkaure, uniq_prince_ribbit1
D:8:      nzn_winding_woodlands_cross
          [nzn_winding_woodlands_5x15_river_crossing,
          nzn_winding_woodlands_5x15_garden,
          nzn_winding_woodlands_5x15_sawtooth,
          nzn_winding_woodlands_5x15_pockets,
          nzn_winding_woodlands_15x15_killbox], layout_gridville, uniq_maurice,
          uniq_maggie
Temple:   kilobyte_greek_temple

Skill      XL: |  1  2  3  4  5  6  7  8  9 10 |
---------------+-------------------------------+-----
Stealth        | 6 7 8 9 10 12 13 | 13.1
Short Blades   | 3 4 5 6 |  6.7
Conjurations   | 2 3 9 |  9.8
Fire Magic     | 2 3 9 |  9.7
Fighting       | |  2.0
Throwing       | |  2.0
Dodging        | |  1.0
Spellcasting   | |  0.7

Action                   |  1- 3 |  4- 6 |  7- 9 | 10-12 || total
-------------------------+-------+-------+-------+-------++-------
Melee: Dagger            |    69 |   105 |   185 |   127 ||   486
       Tentacles         |    11 |    22 |    39 |    38 ||   110
       Constrict         |    13 |    22 |    42 |    24 ||   101
       Punch             |       |     1 |     1 |       ||     2
       Spear             |       |       |       |     4 ||     4
       Mace              |       |       |       |     3 ||     3
Throw: Stone             |     2 |       |       |     1 ||     3
       Dart              |       |     3 |       |    83 ||    86
 Cast: Fireball          |       |       |       |     8 ||     8
Invok: Call Merchant     |       |       |       |     1 ||     1
Evoke: Wand              |       |       |    11 |    13 ||    24
  Use: Scroll            |     3 |     6 |    16 |     4 ||    29
       Potion            |       |     1 |     1 |     4 ||     6
 Stab: Sleeping          |    25 |    12 |    16 |     2 ||    55
       Distracted        |     1 |     2 |       |     2 ||     5
       Invisible         |       |       |       |     1 ||     1
Armor: Skin              |     3 |     9 |    31 |     2 ||    45
Dodge: Dodged            |    25 |    38 |    74 |    68 ||   205

Table legend: (Time is in decaauts)
 A = Elapsed time spent in this place.
 B = Non-inter-level travel time spent in this place.
 C = Inter-level travel time spent in this place.
 D = Time resting spent in this place.
 E = Time spent auto-exploring this place.
 F = Levels seen in this place.
 G = Mean time per level.
                   A        B        C        D        E       F      G
               +--------+--------+--------+--------+--------+-----+--------+
         Total |  11740 |  10785 |    955 |   3699 |   4063 |  11 | 1067.3 |
       Dungeon |  10434 |   9530 |    904 |   3324 |   3657 |   8 | 1304.2 |
        Temple |    214 |    163 |     51 |      0 |    148 |   1 |  214.0 |
         Sewer |    573 |    573 |      0 |    259 |    172 |   1 |  573.0 |
       Ossuary |    517 |    517 |      0 |    116 |     86 |   1 |  517.0 |
               +--------+--------+--------+--------+--------+-----+--------+

Top non-repeatable levels by time:
     D:7: 2359 daAuts
     D:4: 1480 daAuts
     D:3: 1225 daAuts
     D:2: 1108 daAuts
     D:8: 1085 daAuts
     D:6: 1084 daAuts
     D:1: 1063 daAuts
     D:5: 1027 daAuts
   Sewer: 573 daAuts
 Ossuary: 517 daAuts
  Temple: 214 daAuts

Table legend:
 A = Kills in this place as a percentage of kills in entire the game.
 B = Kills by you in this place as a percentage of kills by you in the entire game.
 C = Kills by friends in this place as a percentage of kills by friends in the entire game.
 D = Other kills in this place as a percentage of other kills in the entire game.
 E = Experience gained in this place as a percentage of experience gained in the entire game.
 F = Experience gained in this place divided by the number of levels of this place that you have seen.
                   A       B       C       D       E      F
               +-------+-------+-------+-------+-------+----------------------
         Total | 100.0 | 100.0 | 100.0 |   N/A | 100.0 | 547.5
       Dungeon |  72.6 |  72.4 | 100.0 |   N/A |  88.1 | 663.2
         Sewer |  10.6 |  10.7 |   0.0 |   N/A |   5.2 | 312.0
       Ossuary |  16.8 |  16.9 |   0.0 |   N/A |   6.7 | 405.0
               +-------+-------+-------+-------+-------+----------------------
